TOP OF THE 1ST |
Seattle (APP) Mariners batting - Pitching for Oakland (APP) Athletics : RHP Jaime Sanchez
|
Pitching: RHP Jaime Sanchez
|
|
Batting: RHB Chris Van Niel
|
0-0: Ball 1-0: Called Strike 1-1: Ground out 4-3 (Groundball, 4, EV 100.0 MPH)
|
Batting: RHB Nick Edmunds
|
0-0: Called Strike 0-1: Ball 1-1: Foul Ball, location: 2F 1-2: Ground out 5-3 (Groundball, 56, EV 98.1 MPH)
|
Batting: SHB Carlos Luna
|
0-0: SINGLE (Groundball, 4D, EV 109.4 MPH)
|
Batting: RHB John Vasquez
|
0-0: Ball 1-0: Ball 2-0: Called Strike Carlos Luna steals 2nd, throwing error, E2 Carlos Luna to third 2-1: Foul Ball, location: 2F 2-2: Foul Ball, location: 2F 2-2: Foul Ball, location: 2F 2-2: Foul Ball, location: 2F 2-2: Hit by Pitch
|
Batting: RHB Nick Ellis
|
0-0: Ball 1-0: Ball 2-0: Called Strike 2-1: Ball 3-1: Called Strike 3-2: Foul Ball, location: 2F 3-2: Foul Ball, location: 2F 3-2: Strikes out looking
|
Top of the 1st over - 0 runs, 1 hit, 1 error, 2 left on base; Seattle (APP) 0 - Oakland (APP) 0 |
BOTTOM OF THE 1ST |
Oakland (APP) Athletics batting - Pitching for Seattle (APP) Mariners : RHP Mario Mata
|
Pitching: RHP Mario Mata
|
|
Batting: RHB Scott Lister
|
0-0: Ball 1-0: Ground out U3 (Groundball, 3, EV 83.1 MPH)
|
Batting: RHB Gabe Secundino
|
0-0: Fly out, F3 (Popup, 3F, EV 58.8 MPH)
|
Batting: LHB Alejandro Muniz
|
0-0: Swinging Strike 0-1: Called Strike 0-2: Ball 1-2: Foul Ball, location: 2F 1-2: Foul Ball, location: 2F 1-2: Hit by Pitch
|
Batting: LHB Roscoe Romaine
|
0-0: Ball 1-0: Ball 2-0: Swinging Strike 2-1: Ball 3-1: Swinging Strike 3-2: Base on Balls Alejandro Muniz to second
|
Batting: RHB Rafael Alarcon
|
0-0: Called Strike 0-1: Ball 1-1: Ball 2-1: Ball 3-1: Called Strike 3-2: Base on Balls Alejandro Muniz to third Roscoe Romaine to second
|
Batting: RHB Ryan Jennings
|
0-0: Foul Ball, location: 2F 0-1: Ball 1-1: Ball 2-1: Ground out 6-3 (Groundball, 6S, EV 80.0 MPH)
|
Bottom of the 1st over - 0 runs, 0 hits, 0 errors, 3 left on base; Seattle (APP) 0 - Oakland (APP) 0 |
TOP OF THE 2ND |
Seattle (APP) Mariners batting - Pitching for Oakland (APP) Athletics : RHP Jaime Sanchez
|
Batting: RHB Carlton McDonald
|
0-0: Called Strike 0-1: Called Strike 0-2: Strikes out swinging
|
Batting: LHB Prince Nunley
|
0-0: Called Strike 0-1: Ball 1-1: Ball 2-1: SINGLE (Line Drive, 4M, EV 102.5 MPH)
|
Batting: RHB Ziven Badersky
|
0-0: Fielders Choice at 2nd, 4-6 (Groundball, 4S, EV 86.2 MPH)
|
Batting: RHB Josh Carpenter
|
0-0: Ground out 4-3 (Groundball, 4S, EV 84.4 MPH)
|
Top of the 2nd over - 0 runs, 1 hit, 0 errors, 1 left on base; Seattle (APP) 0 - Oakland (APP) 0 |
BOTTOM OF THE 2ND |
Oakland (APP) Athletics batting - Pitching for Seattle (APP) Mariners : RHP Mario Mata
|
Batting: RHB Ricardo Claros
|
0-0: Ball 1-0: Foul Ball, location: 2F 1-1: Ground out 6-3 (Groundball, 6, EV 101.9 MPH)
|
Batting: RHB Phoctor Dill
|
0-0: Foul Ball, location: 2F 0-1: Ball 1-1: Ground out 5-3 (Groundball, 56, EV 90.6 MPH)
|
Batting: LHB Bill Helmer
|
0-0: Fly out, F7 (Line Drive, 7S, EV 94.4 MPH)
|
Bottom of the 2nd over - 0 runs, 0 hits, 0 errors, 0 left on base; Seattle (APP) 0 - Oakland (APP) 0 |
TOP OF THE 3RD |
Seattle (APP) Mariners batting - Pitching for Oakland (APP) Athletics : RHP Jaime Sanchez
|
Batting: RHB Chris Van Niel
|
0-0: Called Strike 0-1: Ball 1-1: Called Strike 1-2: Fly out, F7 (Flyball, 7, EV 92.5 MPH)
|
Batting: RHB Nick Edmunds
|
0-0: Ground out 6-3 (Groundball, 6, EV 98.8 MPH)
|
Batting: SHB Carlos Luna
|
0-0: Ball 1-0: Called Strike 1-1: Fly out, F6 (Popup, 6, EV 68.1 MPH)
|
Top of the 3rd over - 0 runs, 0 hits, 0 errors, 0 left on base; Seattle (APP) 0 - Oakland (APP) 0 |
BOTTOM OF THE 3RD |
Oakland (APP) Athletics batting - Pitching for Seattle (APP) Mariners : RHP Mario Mata
|
Batting: RHB Scott Lister
|
0-0: Called Strike 0-1: Ball 1-1: DOUBLE (Line Drive, 7LD, EV 104.4 MPH)
|
Batting: RHB Gabe Secundino
|
0-0: Ball 1-0: Ball 2-0: Ball 3-0: Base on Balls
|
Batting: LHB Alejandro Muniz
|
0-0: Fly out, F9 (Line Drive, 9, EV 96.2 MPH)
|
Batting: LHB Roscoe Romaine
|
0-0: Called Strike 0-1: Hit by Pitch Scott Lister to third Gabe Secundino to second
|
Batting: RHB Rafael Alarcon
|
0-0: Called Strike 0-1: Foul Ball, location: 2F 0-2: Strikes out swinging
|
Batting: RHB Ryan Jennings
|
0-0: Ball 1-0: Swinging Strike 1-1: Called Strike 1-2: Ball 2-2: Ball 3-2: Base on Balls Scott Lister scores Gabe Secundino to third Roscoe Romaine to second
|
Batting: RHB Ricardo Claros
|
0-0: Ball 1-0: Fly out, F9 (Line Drive, 9LM, EV 88.1 MPH)
|
Bottom of the 3rd over - 1 run, 1 hit, 0 errors, 3 left on base; Seattle (APP) 0 - Oakland (APP) 1 |
TOP OF THE 4TH |
Seattle (APP) Mariners batting - Pitching for Oakland (APP) Athletics : RHP Jaime Sanchez
|
Batting: RHB John Vasquez
|
0-0: Ball 1-0: Ground out 6-3 (Groundball, 6, EV 76.9 MPH)
|
Batting: RHB Nick Ellis
|
0-0: Ball 1-0: Foul Ball, location: 2F 1-1: Swinging Strike 1-2: Strikes out swinging
|
Batting: RHB Carlton McDonald
|
0-0: Ball 1-0: Ball 2-0: Called Strike 2-1: Called Strike 2-2: DOUBLE (Line Drive, 9LM, EV 95.0 MPH)
|
Batting: LHB Prince Nunley
|
0-0: Ball 1-0: SINGLE (Groundball, 3D, EV 105.0 MPH) Carlton McDonald to third Runner from 3rd tries for Home, throw by RF and OUT! 9-2
|
Top of the 4th over - 0 runs, 2 hits, 0 errors, 1 left on base; Seattle (APP) 0 - Oakland (APP) 1 |
BOTTOM OF THE 4TH |
Oakland (APP) Athletics batting - Pitching for Seattle (APP) Mariners : RHP Mario Mata
|
Batting: RHB Phoctor Dill
|
0-0: Ball 1-0: Foul Ball, location: 2F 1-1: Ball 2-1: Ball 3-1: Base on Balls
|
Batting: LHB Bill Helmer
|
0-0: Called Strike 0-1: Ball Wild Pitch! Phoctor Dill to second 1-1: SINGLE (Groundball, 3S, EV 68.8 MPH) (infield hit) Phoctor Dill to third
|
Batting: RHB Scott Lister
|
0-0: Ball Bill Helmer steals 2nd base 1-0: Called Strike 1-1: Foul Ball, location: 2F 1-2: 3-RUN HOME RUN (Flyball, 9LD, EV 109.4 MPH), Distance : 407 ft
|
Batting: RHB Gabe Secundino
|
0-0: Ball 1-0: Called Strike 1-1: Swinging Strike 1-2: Ball 2-2: Foul Ball, location: 2F 2-2: Ball 3-2: Base on Balls
|
Batting: LHB Alejandro Muniz
|
0-0: Ball 1-0: Fly out, F7 (Flyball, 7D, EV 108.8 MPH)
|
Batting: LHB Roscoe Romaine
|
0-0: Called Strike Gabe Secundino steals 2nd base 0-1: Ball 1-1: Ball 2-1: Ball 3-1: Base on Balls
|
Batting: RHB Rafael Alarcon
|
0-0: Ball 1-0: Ball 2-0: Called Strike 2-1: Swinging Strike 2-2: Ball 3-2: Base on Balls Gabe Secundino to third Roscoe Romaine to second
|
Batting: RHB Ryan Jennings
|
0-0: Ball 1-0: Foul Ball, location: 2F 1-1: Foul Ball, location: 2F 1-2: Ball 2-2: Hit by Pitch Gabe Secundino scores Roscoe Romaine to third Rafael Alarcon to second
|
Batting: RHB Ricardo Claros
|
0-0: Ball 1-0: Fly out, F9 (Line Drive, 9, EV 105.6 MPH) Lined into DP, 9-5 (Line Drive, 9, EV 105.6 MPH)
|
Bottom of the 4th over - 4 runs, 2 hits, 0 errors, 2 left on base; Seattle (APP) 0 - Oakland (APP) 5 |
TOP OF THE 5TH |
Seattle (APP) Mariners batting - Pitching for Oakland (APP) Athletics : RHP Jaime Sanchez
|
Pitching: RHP Quincy Potvin
|
|
Batting: RHB Ziven Badersky
|
0-0: Ball 1-0: Ball 2-0: Ball 3-0: Base on Balls
|
Batting: RHB Josh Carpenter
|
0-0: Fielders Choice at 2nd, 5-4 (Groundball, 56S, EV 83.8 MPH)
|
Batting: RHB Chris Van Niel
|
0-0: Foul Ball, location: 2F 0-1: Ball 1-1: Ball 2-1: Ball 3-1: Foul Ball, location: 2F 3-2: Base on Balls Josh Carpenter to second
|
Batting: RHB Nick Edmunds
|
0-0: Called Strike 0-1: Swinging Strike 0-2: Foul Ball, location: 2F 0-2: Strikes out swinging
|
Batting: SHB Carlos Luna
|
0-0: Ball 1-0: Foul Ball, location: 2F 1-1: Ball 2-1: Ball 3-1: Base on Balls Josh Carpenter to third Chris Van Niel to second
|
Batting: RHB John Vasquez
|
0-0: Ball 1-0: Ball 2-0: Called Strike 2-1: Swinging Strike 2-2: Foul Ball, location: 2F 2-2: Strikes out looking
|
Top of the 5th over - 0 runs, 0 hits, 0 errors, 3 left on base; Seattle (APP) 0 - Oakland (APP) 5 |
BOTTOM OF THE 5TH |
Oakland (APP) Athletics batting - Pitching for Seattle (APP) Mariners : RHP Mario Mata
|
Pitching: RHP Frank Cabrera
|
|
Batting: RHB Phoctor Dill
|
0-0: Fly out, F8 (Flyball, 8RD, EV 101.2 MPH)
|
Batting: LHB Bill Helmer
|
0-0: Ball 1-0: Ball 2-0: Swinging Strike 2-1: Ground out 1-3 (Groundball, 13, EV 61.9 MPH)
|
Batting: RHB Scott Lister
|
0-0: Ball 1-0: Ball 2-0: Called Strike 2-1: Swinging Strike 2-2: Strikes out looking
|
Bottom of the 5th over - 0 runs, 0 hits, 0 errors, 0 left on base; Seattle (APP) 0 - Oakland (APP) 5 |
TOP OF THE 6TH |
Seattle (APP) Mariners batting - Pitching for Oakland (APP) Athletics : RHP Quincy Potvin
|
Batting: RHB Nick Ellis
|
0-0: Swinging Strike 0-1: Ground out 4-3 (Groundball, 4, EV 100.6 MPH)
|
Batting: RHB Carlton McDonald
|
0-0: Swinging Strike 0-1: Swinging Strike 0-2: Ball 1-2: Strikes out swinging
|
Batting: LHB Prince Nunley
|
0-0: Swinging Strike 0-1: Swinging Strike 0-2: Strikes out swinging
|
Top of the 6th over - 0 runs, 0 hits, 0 errors, 0 left on base; Seattle (APP) 0 - Oakland (APP) 5 |
BOTTOM OF THE 6TH |
Oakland (APP) Athletics batting - Pitching for Seattle (APP) Mariners : RHP Frank Cabrera
|
Batting: RHB Gabe Secundino
|
0-0: Called Strike 0-1: Foul Ball, location: 2F 0-2: Ball 1-2: Ball 2-2: SINGLE (Flyball, 5D, EV 96.9 MPH)
|
Batting: LHB Alejandro Muniz
|
0-0: Ball 1-0: Foul Ball, location: 2F 1-1: Ball 2-1: SINGLE (Groundball, 34D, EV 101.2 MPH) Gabe Secundino to second Runner from 2nd tries for 3rd, OUT! 9-5
|
Batting: LHB Roscoe Romaine
|
0-0: Called Strike 0-1: Ball 1-1: Ball 2-1: Ball 3-1: Base on Balls Alejandro Muniz to second
|
Batting: RHB Rafael Alarcon
|
0-0: Ball 1-0: Called Strike 1-1: Foul Ball, location: 2F 1-2: Foul Ball, location: 2F 1-2: Foul Ball, location: 2F 1-2: Foul Ball, location: 2F 1-2: Ball 2-2: Ball 3-2: Base on Balls Alejandro Muniz to third Roscoe Romaine to second
|
Batting: RHB Ryan Jennings
|
0-0: Ball 1-0: Swinging Strike 1-1: Swinging Strike 1-2: Fly out, F7 (Line Drive, 78M, EV 91.9 MPH)
|
Pitching: RHP Victor Ocampo
|
|
Batting: RHB Ricardo Claros
|
0-0: Called Strike 0-1: Foul Ball, location: 2F 0-2: Ball 1-2: Ground out 6-3 (Groundball, 6S, EV 80.0 MPH)
|
Bottom of the 6th over - 0 runs, 2 hits, 0 errors, 3 left on base; Seattle (APP) 0 - Oakland (APP) 5 |
TOP OF THE 7TH |
Seattle (APP) Mariners batting - Pitching for Oakland (APP) Athletics : RHP Quincy Potvin
|
Batting: RHB Ziven Badersky
|
0-0: Ball 1-0: Foul Ball, location: 2F 1-1: Ball 2-1: Ball 3-1: Swinging Strike 3-2: Base on Balls
|
Pitching: RHP Juan Luna
|
|
Pinch Hitting: RHB Joaquin Salazar
|
0-0: Foul Ball, location: 2F 0-1: Foul Ball, location: 2F 0-2: Ball 1-2: Strikes out swinging
|
Batting: RHB Chris Van Niel
|
0-0: Fly out, F8 (Flyball, 89D, EV 96.2 MPH)
|
Batting: RHB Nick Edmunds
|
0-0: Ball 1-0: Called Strike 1-1: Ball 2-1: Called Strike 2-2: Ball 3-2: Ground out 5-3 (Groundball, 5, EV 86.2 MPH)
|
Top of the 7th over - 0 runs, 0 hits, 0 errors, 1 left on base; Seattle (APP) 0 - Oakland (APP) 5 |
BOTTOM OF THE 7TH |
Oakland (APP) Athletics batting - Pitching for Seattle (APP) Mariners : RHP Victor Ocampo
|
Now at 1B: Joaquin Salazar
|
|
Batting: RHB Phoctor Dill
|
0-0: Called Strike 0-1: SINGLE (Groundball, 56S, EV 72.5 MPH) (infield hit)
|
Batting: LHB Bill Helmer
|
0-0: Fielders Choice at 2nd, 4-6 (Groundball, 34D, EV 101.9 MPH)
|
Batting: RHB Scott Lister
|
0-0: Called Strike 0-1: Hit by Pitch Bill Helmer to second
|
Batting: RHB Gabe Secundino
|
0-0: SINGLE (Groundball, 56D, EV 111.2 MPH) Bill Helmer to third Scott Lister to second Runner from 3rd tries for Home, SAFE, throw by LF to home
|
Batting: LHB Alejandro Muniz
|
0-0: Called Strike 0-1: 3-RUN HOME RUN (Flyball, 7D, EV 105.6 MPH), Distance : 416 ft
|
Pitching: LHP Will Creelman
|
|
Batting: LHB Roscoe Romaine
|
0-0: Called Strike 0-1: Foul Ball, location: 2F 0-2: Strikes out looking
|
Batting: RHB Rafael Alarcon
|
0-0: Ball 1-0: Foul Ball, location: 2F 1-1: Foul Ball, location: 2F 1-2: DOUBLE (Groundball, 5L, EV 98.1 MPH)
|
Batting: RHB Ryan Jennings
|
0-0: Ball 1-0: Ball 2-0: Swinging Strike 2-1: Ball 3-1: Base on Balls
|
Batting: RHB Ricardo Claros
|
0-0: Called Strike 0-1: Called Strike 0-2: Ball Wild Pitch! Rafael Alarcon to third Ryan Jennings to second 1-2: Strikes out swinging
|
Bottom of the 7th over - 4 runs, 4 hits, 0 errors, 2 left on base; Seattle (APP) 0 - Oakland (APP) 9 |
TOP OF THE 8TH |
Seattle (APP) Mariners batting - Pitching for Oakland (APP) Athletics : RHP Juan Luna
|
Batting: SHB Carlos Luna
|
0-0: Ball 1-0: Called Strike 1-1: Ball 2-1: Foul Ball, location: 2F 2-2: Foul Ball, location: 2F 2-2: Foul Ball, location: 2F 2-2: Ground out 6-3 (Groundball, 6, EV 83.8 MPH)
|
Batting: RHB John Vasquez
|
0-0: Ball 1-0: Foul Ball, location: 2F 1-1: Foul Ball, location: 2F 1-2: Ball 2-2: Ball 3-2: SINGLE (Line Drive, 56, EV 96.9 MPH)
|
Pitching: LHP Noah Young
|
|
Batting: RHB Nick Ellis
|
0-0: Ball 1-0: Foul Ball, location: 2F 1-1: Called Strike 1-2: Ball 2-2: Ball 3-2: Foul Ball, location: 2F 3-2: Fielders Choice at 2nd, 5-4 (Groundball, 56, EV 88.1 MPH)
|
Batting: RHB Carlton McDonald
|
0-0: Called Strike 0-1: Ball 1-1: Foul Ball, location: 2F 1-2: Ground out 4-3 (Groundball, 4, EV 101.9 MPH)
|
Top of the 8th over - 0 runs, 1 hit, 0 errors, 1 left on base; Seattle (APP) 0 - Oakland (APP) 9 |
BOTTOM OF THE 8TH |
Oakland (APP) Athletics batting - Pitching for Seattle (APP) Mariners : LHP Will Creelman
|
Now in CF: Nick Edmunds
|
|
Now in RF: Perry Renouf
|
|
Batting: RHB Phoctor Dill
|
0-0: Foul Ball, location: 2F 0-1: Swinging Strike 0-2: Ball 1-2: Foul Ball, location: 2F 1-2: Foul Ball, location: 2F 1-2: Ball 2-2: Fly out, F7 (Flyball, 7, EV 89.4 MPH)
|
Pitching: RHP Ruben Mendoza
|
|
Batting: LHB Bill Helmer
|
0-0: Ball 1-0: Fly out, F8 (Flyball, 8LM, EV 82.5 MPH)
|
Batting: RHB Scott Lister
|
0-0: Called Strike 0-1: Foul Ball, location: 2F 0-2: Ball 1-2: SOLO HOME RUN (Flyball, 7LD, EV 106.2 MPH), Distance : 392 ft
|
Batting: RHB Gabe Secundino
|
0-0: Called Strike 0-1: Called Strike 0-2: Strikes out looking
|
Bottom of the 8th over - 1 run, 1 hit, 0 errors, 0 left on base; Seattle (APP) 0 - Oakland (APP) 10 |
TOP OF THE 9TH |
Seattle (APP) Mariners batting - Pitching for Oakland (APP) Athletics : LHP Noah Young
|
Batting: LHB Prince Nunley
|
0-0: Ball 1-0: Swinging Strike 1-1: Ball 2-1: SINGLE (Line Drive, 8LS, EV 101.2 MPH)
|
Batting: RHB Ziven Badersky
|
0-0: Ball 1-0: Ball 2-0: Called Strike 2-1: 2-RUN HOME RUN (Flyball, 78XD, EV 111.2 MPH), Distance : 421 ft
|
Pinch Hitting: RHB Rowan Prince
|
0-0: Ball 1-0: Foul Ball, location: 2F 1-1: Swinging Strike 1-2: Strikes out swinging
|
Batting: RHB Chris Van Niel
|
0-0: Ground out 4-3 (Groundball, 4, EV 106.2 MPH)
|
Batting: RHB Nick Edmunds
|
0-0: Ball 1-0: Ball 2-0: Fly out, F8 (Flyball, 8RM, EV 86.2 MPH)
|
Top of the 9th over - 2 runs, 2 hits, 0 errors, 0 left on base; Seattle (APP) 2 - Oakland (APP) 10 |
|